 Dungeon Crawl Stone Soup version 0.30.0-5-g1a98f26d00 (webtiles) character file.

Game seed: 7326456097761519203

5628 backslashecho the Skirmisher (level 10, -18/74 HPs)
             Began as a Demonspawn Hunter on May 8, 2023.
             Was an Initiate of Gozag.
             Demolished by a death yak (25 damage)
             ... on level 9 of the Dungeon.
             The game lasted 00:38:32 (11000 turns).

backslashecho the Skirmisher (Demonspawn Hunter)   Turns: 11000, Time: 00:38:33

Health: -18/74     AC:  5    Str: 16    XL:     10   Next: 46%
Magic:  19/19      EV: 14    Int: 11    God:    Gozag
Gold:   309        SH:  5    Dex: 18    Spells: 2/9 levels left

rFire   + . .        b - +2 short sword (speed)
rCold   . . .        (no shield)
rNeg    . . .        m - +1 leather armour {rF+}
rPois   .            (helmet unavailable)
rElec   .            d - +0 cloak
rCorr   .            (no gloves)
SInv    .            (no boots)
Will    .....        z - amulet of reflection
Stlth   +++          k - ring of magical power
HPRegen 0.32/turn    (no ring)
MPRegen 0.16/turn

%: reflection
@: marked, on berserk cooldown, hasted and slowed, invisible, unable to read
A: hooves 2, horns 3, powered by death 1, demonic magic 1, strong 1, inability
to read after injury 1
a: Renounce Religion, Potion Petition, Call Merchant, Bribe Branch


You were on level 9 of the Dungeon.
You worshipped Gozag.
Gozag was aware of your devotion.
You visited 2 branches of the dungeon, and saw 10 of its levels.

You collected 1648 gold pieces.
You spent 112 gold pieces at shops.
You paid 1227 gold pieces to Gozag.

Inventory:

Hand Weapons
 a - a +1 shortbow
 b - a +2 short sword of speed (weapon)
 e - a +0 dagger
 h - a +0 sling
Missiles
 r - 2 poisoned darts
Armour
 d - a +0 cloak (worn)
 g - a +2 kite shield
 m - a +1 leather armour of fire resistance (worn)
 p - a +0 buckler
Jewellery
 k - a ring of magical power (left hand)
 w - a ring of fire
 z - an amulet of reflection (around neck)
Wands
 l - a wand of flame (38) (quivered)
Scrolls
 c - a scroll of teleportation
 i - 2 scrolls of immolation
 t - a scroll of identify
 u - a scroll of enchant armour
 A - a scroll of summoning
Potions
 j - 3 potions of flight
 v - 2 potions of brilliance
 x - a potion of mutation


   Skills:
 - Level 5.0 Fighting
 + Level 5.8 Short Blades
 * Level 11.0 Ranged Weapons
 - Level 5.0 Dodging
 - Level 5.0 Stealth
 + Level 1.8 Shields


You had 2 spell levels left.
You knew the following spells:

 Your Spells              Type           Power      Damage    Failure   Level
a - Sandblast             Erth           0%         2d4       41%         1
b - Ozocubu's Armour      Ice            0%         N/A       78%         3
c - Stone Arrow           Conj/Erth      0%         3d7       78%         3

Your spell library contained the following spells:

 Spells                   Type           Power      Damage    Failure   Level
 Passwall                 Tmut/Erth      0%         N/A       54%         2
 Metabolic Englaciation   Hex/Ice        0%         N/A       100%        5
 Simulacrum               Ice/Necr       Unusable   N/A       N/A         6

Dungeon Overview and Level Annotations

Branches:
Dungeon (9/15)             Temple (1/1) D:4            Lair (0/5) D:9
    Orc: D:9-12

Altars:
Ashenzari
Cheibriados
Fedhas
Gozag
Hepliaklqana
Makhleb
Okawaru
Qazlal
Ru
Trog
Uskayaw
Vehumet
Xom
Yredelemnul

Shops:
D:2 (   D:6 !

Annotations:
D:4 Sigmund


Innate Abilities, Weirdness & Mutations

You have hoof-like feet.
You have a pair of large horns on your head.
You regenerate a little health from kills.
Spells you cast may paralyse adjacent enemies.
Your muscles are strong. (Str +4, Int/Dex -1)
You occasionally lose the ability to read scrolls when taking damage.


Message History

You block the death yak's attack.
The death yak gores you but does no damage.
You catch the helpless death yak completely off-guard!
You puncture the death yak!
The death yak is moderately wounded.
The death yak gores you!
* * * LOW HITPOINT WARNING * * *
The death yak barely misses you.
You take 16 damage, and have 2/111 hp. [a] - 232 gold - heal wounds and curing [b] - 300 gold - heal wounds and berserk rage [c] - 598 gold - heal wounds, magic and haste Purchase which effect?
You no longer have enough gold to petition Gozag for potion effects.
You no longer have enough gold to fund merchants seeking to open stores in the dungeon.
You feel much better. Magic courses through your body.
You feel yourself speed up.
The death yak gores you but does no damage. x2
You regained 24 hp, and now have 26/111 hp.
Okay, then.
Unknown command.
You catch the helpless death yak completely off-guard!
You puncture the death yak!
The death yak is moderately wounded.
The death yak gores you but does no damage.
The death yak gores you!
You feel threatened and lose the ability to read scrolls!
* * * LOW HITPOINT WARNING * * *
You take 16 damage, and have 10/111 hp.
You cannot read scrolls in your current state!
You hit the death yak.
The death yak is moderately wounded.
You hit the death yak but do no damage.
The death yak is moderately wounded.
You hit the death yak.
The death yak is heavily wounded.
An orc comes into view. It is wielding a +0 club.
You block the death yak's attack.
The death yak gores you but does no damage.
You catch the helpless death yak completely off-guard!
You puncture the death yak!
The death yak is heavily wounded.
You hit the death yak but do no damage.
The death yak is heavily wounded.
You feel less wooden.
Your +0 cloak unmelds from your body.
Your +1 leather armour of fire resistance unmelds from your body.
You feel resistant to fire. The death yak misses you. The death yak gores you!!
You die...
Your body crumbles into a pile of gold.

#...###.#.# ........#.#
....#####.########
.#...............######
.#########.#####......########
.## #.#####.#.##........# ..#
#.##...###.########.# ..#
#.##.##.#.## #.# ..#
###.##.##@.## #.# ..#
##.....YYYY## #.### ..# #
....##YY######### #...##
..###.##.#.##YY# #.....#
#.....
.........#..o..###.....#
#.#.##
..................)....#
#.#.##
...............###.....#
#.#.## ..###.####..####
#.....# #.#.## ..#
#.......################.#.##


You could see 2 death yaks, 6 yaks and an orc (unable to see you).

Vanquished Creatures
  Harold (D:9)
  Joseph (D:9)
  Grinder (D:6)
  A wyvern (D:8)
  5 yaks
  A steam dragon (D:8)
  An acid dragon (D:9)
  Pargi (D:4)
  A black bear (D:5)
  A sky beast (D:7)
  2 centaurs
  A kobold brigand (D:6)
  2 bullfrogs
  4 scorpions
  12 wights
  12 killer bees
  6 howler monkeys
  A crimson imp (D:6)
  2 jellies
  A hound (D:5)
  A sleepcap (D:4)
  13 orc priests
  A gnoll bouda (D:7)
  3 iguanas
  9 orc wizards
  9 gnolls
  10 adders
  A white imp (D:8)
  7 dart slugs
  20 orcs
  7 ball pythons
  5 endoplasms
  2 giant cockroaches
  10 goblins
  3 hobgoblins
  3 quokkas
  5 bats
  2 frilled lizards
  6 kobolds
  3 rats
  A spectral goblin (D:6)
178 creatures vanquished.

Vanquished Creatures (others)
  A wizard (D:3)
  An orc wizard (D:9)
2 creatures vanquished.

Grand Total: 180 creatures vanquished

Notes
Turn   | Place    | Note
-------+----------+-------------------------------------------
     0 | D:1      | backslashecho the Demonspawn Hunter began the quest for the
                  | Orb.
     0 | D:1      | Reached XP level 1. HP: 16/16 MP: 1/1
    67 | D:1      | Reached skill level 1 in Stealth
   256 | D:1      | Discovered your monstrous ancestry.
   256 | D:1      | Gained mutation: You have large cloven feet. [demonic
                  | ancestry]
   256 | D:1      | Reached XP level 2. HP: 22/22 MP: 2/2
   651 | D:1      | Found a faded altar of an unknown god.
   666 | D:1      | Prayed at the altar of an unknown god.
   666 | D:1      | Became a worshipper of Gozag Ym Sagoz the Greedy
   731 | D:2      | Reached skill level 4 in Ranged Weapons
   808 | D:2      | Reached XP level 3. HP: 28/28 MP: 3/3
  1124 | D:2      | Found Tushemad's Antique Weapon Emporium.
  1174 | D:2      | Found a sacrificial altar of Ru.
  1786 | D:3      | Found a bloodstained altar of Trog.
  1787 | D:3      | Noticed a wizard
  1792 | D:3      | Killed a wizard
  1828 | D:3      | Gained mutation: You have a pair of small horns on your
                  | head. [demonic ancestry]
  1828 | D:3      | Reached XP level 4. HP: 34/34 MP: 4/4
  1829 | D:3      | Found a stormy altar of Qazlal.
  2942 | D:4      | Reached XP level 5. HP: 34/41 MP: 5/5
  3242 | D:4      | Reached skill level 5 in Ranged Weapons
  3502 | D:4      | Noticed Pargi
  3530 | D:4      | Killed Pargi
  3531 | D:4      | Gained mutation: You have a pair of horns on your head.
                  | [demonic ancestry]
  3531 | D:4      | Reached XP level 6. HP: 48/48 MP: 6/6
  3836 | D:4      | Found a staircase to the Ecumenical Temple.
  3845 | Temple   | Entered the Ecumenical Temple
  3915 | D:4      | Noticed Sigmund
  4178 | D:5      | Entered Level 5 of the Dungeon
  4270 | D:5      | HP: 1/48 [killer bee (3)]
  4281 | D:5      | Reached skill level 6 in Ranged Weapons
  4284 | D:5      | Gained mutation: You have hoof-like feet. [demonic
                  | ancestry]
  4284 | D:5      | Reached XP level 7. HP: 45/54 MP: 7/7
  4563 | D:5      | Found a basalt altar of Yredelemnul.
  5154 | D:5      | Reached skill level 7 in Ranged Weapons
  5221 | D:5      | Reached skill level 5 in Fighting
  5221 | D:5      | Gained mutation: Spells you cast may paralyse adjacent
                  | enemies. [demonic ancestry]
  5221 | D:5      | Reached XP level 8. HP: 57/62 MP: 8/8
  5225 | D:5      | Learned a level 1 spell: Sandblast
  5229 | D:5      | Learned a level 3 spell: Ozocubu's Armour
  5233 | D:5      | Learned a level 3 spell: Stone Arrow
  5513 | D:6      | Found Inungiah's Distillery.
  5513 | D:6      | Noticed Grinder
  5531 | D:6      | Reached skill level 1 in Short Blades
  5544 | D:6      | Paralysed by Grinder for 4 turns
  5549 | D:6      | Killed Grinder
  5550 | D:6      | Reached skill level 5 in Dodging
  5651 | D:6      | Found an opulent altar of Gozag.
  5683 | D:6      | Found a snail-covered altar of Cheibriados.
  5780 | D:6      | Bought a potion of berserk rage for 70 gold pieces
  5780 | D:6      | Bought a potion of curing for 42 gold pieces
  5791 | D:6      | Found a blossoming altar of Fedhas.
  5842 | D:6      | Found a radiant altar of Vehumet.
  5846 | D:6      | Found a burning altar of Makhleb.
  5882 | D:6      | Found a hazy altar of Hepliaklqana.
  6476 | D:6      | Reached skill level 8 in Ranged Weapons
  7079 | D:7      | Found a broken altar of Ashenzari.
  7461 | D:7      | Gained mutation: You regenerate a little health from kills.
                  | [demonic ancestry]
  7461 | D:7      | Reached XP level 9. HP: 55/68 MP: 9/9
  8179 | D:7      | Reached skill level 9 in Ranged Weapons
  9201 | D:9      | Noticed Harold
  9516 | D:8      | Reached skill level 10 in Ranged Weapons
  9937 | D:9      | Found an iron altar of Okawaru.
  9950 | D:9      | Reached skill level 5 in Short Blades
  9969 | D:9      | Gained mutation: You have a pair of large horns on your
                  | head. [demonic ancestry]
  9969 | D:9      | Reached XP level 10. HP: 67/74 MP: 10/10
  9970 | D:9      | Noticed Joseph
  9992 | D:9      | Killed Joseph
 10235 | D:9      | Found a staircase to the Lair.
 10355 | D:9      | Noticed a death yak
 10479 | D:9      | Noticed a death yak
 10612 | D:9      | Reached skill level 5 in Stealth
 10897 | D:9      | Reached skill level 1 in Shields
 10963 | D:9      | HP: 5/111 [poisoned by Harold]
 10968 | D:9      | Killed Harold
 10969 | D:9      | Reached skill level 11 in Ranged Weapons
 10982 | D:9      | Gained mutation: You occasionally lose the ability to read
                  | scrolls when taking damage. [potion of mutation]
 10982 | D:9      | Gained mutation: Your muscles are strong. (Str +4, Int/Dex
                  | -1) [potion of mutation]
 10982 | D:9      | Noticed a death yak
 10993 | D:9      | HP: 2/111 [death yak (16)]
 11000 | D:9      | Demolished by a death yak

Illustrated notes

Levels and vault maps discovered:
D:1:      minmay_arrival_radiant_lines, layout_loops_ring,
          hellmonk_ecumenical_altar_pennies_from_heaven
D:2:      layout_basic, serial_shops, shop, basic_altar, st_stairs_8
D:3:      layout_basic, trog_wizard, mainiacjoe_overflow_surrounded_room,
          chequers_serial_rivers_micro_c, amethyst_killhole
D:4:      layout_loops_ring, nicolae_overflow_hidden_temple, temple_fountains,
          grunt_ministairs_7, uniq_sigmund, uniq_pargi
D:5:      layout_basic, nicolae_overflow_crystal_walls
D:6:      layout_rooms, grunt_temple_overflow_lords_of_destruction,
          kennysheep_slug_shrine, kennysheep_mini, fedhas_ov_isle_minmay,
          nicolae_hepliaklqana_monster_ancestors, serial_shops, shop,
          uniq_grinder
D:7:      layout_gridville, zin_academy, lemuel_tele_altar
D:8:      layout_loops_ring
D:9:      layout_loops_cross, general_overflow_altar, dpeg_lair_monsters,
          uniq_harold, uniq_joseph
Temple:   nicolae_temple_ecumenical_triangle

Skill      XL: |  1  2  3  4  5  6  7  8  9 10 |
---------------+-------------------------------+-----
Stealth        | 1 2 4 5 |  5.0
Dodging        | 2 3 4 5 |  5.0
Ranged Weapons | 4 5 6 7 8 10 11 | 11.0
Fighting       | 3 4 5 |  5.0
Short Blades   | 3 5 |  5.8
Shields        | 1 |  1.8

Action                     |  1- 3 |  4- 6 |  7- 9 | 10-12 || total
---------------------------+-------+-------+-------+-------++-------
  Melee: Short sword       |       |    87 |   312 |    67 ||   466
         Dagger            |       |     6 |     2 |     7 ||    15
         Headbutt          |       |     7 |    57 |    21 ||    85
         Kick              |       |    22 |   112 |    18 ||   152
         Punch             |       |     1 |     2 |       ||     3
   Fire: Shortbow          |    86 |    80 |   124 |    45 ||   335
  Throw: Dart              |       |       |     3 |       ||     3
   Cast: Sandblast         |       |       |     1 |       ||     1
 Invoke: Potion Petition   |       |     1 |       |     2 ||     3
  Evoke: Wand              |       |       |     7 |     3 ||    10
    Use: Scroll            |       |     9 |     6 |       ||    15
         Potion            |       |    10 |     1 |     6 ||    17
   Stab: Invisible         |       |       |     2 |     7 ||     9
         Sleeping          |       |       |     4 |     1 ||     5
 Armour: Leather armour    |    15 |    21 |    27 |     7 ||    70
         Skin              |       |    21 |       |    10 ||    31
  Dodge: Dodged            |    17 |    64 |   162 |    16 ||   259
  Block: Other             |       |       |     1 |     9 ||    10
